 Dungeon Crawl Stone Soup version 0.21.1-1-g345015fe64 (webtiles) character file.

2405 Gitz the Basher (level 9, -7/117 HPs)
             Began as a White Draconian Berserker on May 20, 2018.
             Was an Elder of Trog.
             Mangled by a hog (8 damage)
             ... on level 7 of the Dungeon.
             The game lasted 00:12:16 (5412 turns).

Gitz the Basher (White Draconian Berserker)         Turns: 5412, Time: 00:12:17

Health: -7/117     AC:  8    Str: 29    XL:     9   Next: 23%
Magic:  0/9        EV: 14    Int:  7    God:    Trog [****..]
Gold:   379        SH:  4    Dex: 10    Spells: 8/8 levels left

rFire    . . .     SeeInvis .   v - +0 flail (venom)
rCold    + + .     Gourm    .   m - +0 buckler
rNeg     . . .     Faith    .   (armour unavailable)
rPois    .         Spirit   +   (helmet restricted)
rElec    .         Reflect  .   (no cloak)
rCorr    .         Harm     .   h - +0 pair of gloves
MR       .....                  (no boots)
Stlth    ..........             n - amulet of guardian spirit
HPRegen  0.29/turn              k - ring of protection from cold
MPRegen  0.11/turn              (no ring)

@: berserking (expiring), very quick
A: breathe frost, unfitting armour, cold resistance 1, cold-blooded, AC +7
a: Breathe Frost, Berserk, Trog's Hand, Brothers in Arms, Burn Spellbooks,
Renounce Religion


You were on level 7 of the Dungeon.
You worshipped Trog.
Trog was greatly pleased with you.
You were hungry.

You visited 1 branch of the dungeon, and saw 7 of its levels.
You also visited: Sewer.

You collected 379 gold pieces.

Inventory:

Hand Weapons
 v - a +0 flail of venom (weapon)
Missiles
 o - 2 tomahawks
 r - 2 silver tomahawks (quivered)
Armour
 h - a +0 pair of gloves (worn)
 m - a +0 buckler (worn)
Jewellery
 k - a ring of protection from cold (left hand)
 n - an amulet of guardian spirit (around neck)
Wands
 s - a wand of random effects (20)
 y - a wand of acid (4)
Scrolls
 d - a scroll of immolation
 e - 4 scrolls of remove curse
 f - a scroll of enchant armour {unknown}
 g - 2 scrolls of fear {unknown}
 i - a scroll of noise {unknown}
 l - a scroll of enchant weapon {unknown}
 q - 5 scrolls of identify
 t - 4 scrolls of teleportation
 u - 3 scrolls of magic mapping {unknown}
 w - 2 scrolls of random uselessness {unknown}
Potions
 a - a potion of magic {unknown}
 c - 3 potions of curing
 j - 5 potions of heal wounds
 p - 2 potions of ambrosia {unknown}
 z - 2 potions of mutation {unknown}
 A - 4 potions of flight
Comestibles
 b - 8 rations


   Skills:
 + Level 6.9 Fighting
 + Level 9.3 Maces & Flails
 + Level 6.2 Dodging
 + Level 2.7 Shields


You had 8 spell levels left.
You didn't know any spells.

Dungeon Overview and Level Annotations

Branches:
Dungeon (7/15)             Temple (0/1) D:5

Altars:
Elyvilon
Fedhas
Zin


Innate Abilities, Weirdness & Mutations

You can breathe waves of freezing cold.
You can buffet flying creatures when you breathe cold.
Your icy white scales are hard. (AC +7)
You cannot fit into any form of body armour.
Your flesh is cold resistant. (rC+)
You are cold-blooded and may be slowed by cold attacks.


Message History

* * * LOW HITPOINT WARNING * * *
You completely miss the hog.
The hog is severely wounded.
The hog barely misses you. The hog bites you.
* * * LOW HITPOINT WARNING * * *
You completely miss the hog. You tail-slap the hog.
The hog is lightly wounded.
The hog bites you but does no damage.
There is an open door, spattered with blood here.
You feel a strong urge to attack something.
The hog bites you!
* * * LOW HITPOINT WARNING * * *
You hit the hog.
The hog is poisoned.
The hog is moderately wounded.
The hog bites you.
* * * LOW HITPOINT WARNING * * *
You bludgeon the hog!!
The hog is poisoned.
Your tail-slap misses the hog.
The hog is heavily wounded.
You block the hog's attack. The hog bites you!
You die...

#.# #># #....#.#
#.###.###..#.#.#
#............#.#
#..##.########..
#..##.##.....#.#
###..##.##.....#
........####'#####
##########%...p#h##
# #%%..Yh@.# #
#######h.# ####
##.....#..# ##.##
##........##
#...####.........#
....(.(((..).....+
#...####..[......#
##.## ##.......##
...# ##.....##


You could see a yak, 3 hogs and a human.

Vanquished Creatures
  The ghost of Dickchan the Ruffian, a novice DrTm (D:6)
  Prince Ribbit (D:6)
  Grinder (D:3)
  Sigmund (D:4)
  The ghost of Gitz the Shield-Bearer, an amateur MiFi (D:5)
  A phantom (D:4)
  A centaur (D:7)
  A big kobold (D:4)
  Blork the orc (D:6)
  2 bullfrogs (D:6)
  2 scorpions (D:4)
  A howler monkey (D:6)
  A crimson imp (D:5)
  A jelly (D:7)
  3 hounds
  An orc priest (D:4)
  3 orc wizards
  A bullfrog skeleton (D:4)
  2 iguanas
  A merfolk siren (Sewer)
  3 worker ants
  A merfolk avatar (Sewer)
  A hound skeleton (D:6)
  A worker ant zombie (D:7)
  A gnoll (D:1)
  10 adders
  4 river rats
  A shadow imp (D:5)
  2 adder skeletons
  3 worms
  8 leopard geckos
  19 orcs
  7 ball pythons
  7 giant cockroaches
  9 goblins
  10 hobgoblins
  5 kobolds
  A quokka (D:3)
  8 bats
  8 frilled lizards
  29 rats
165 creatures vanquished.

Vanquished Creatures (others)
  A quokka (D:6)
1 creature vanquished.

Grand Total: 166 creatures vanquished

Notes
Turn   | Place    | Note
-------+----------+-------------------------------------------
     0 | D:1      | Gitz the Draconian Berserker began the quest for the Orb.
     0 | D:1      | Reached XP level 1. HP: 19/19 MP: 1/1
   190 | D:1      | Reached XP level 2. HP: 25/26 MP: 2/2
   570 | D:1      | Reached XP level 3. HP: 33/33 MP: 3/3
   730 | D:2      | Reached ** piety under Trog
   932 | D:2      | Reached skill level 4 in Maces & Flails
  1112 | D:2      | Found a blossoming altar of Fedhas.
  1123 | D:2      | Reached XP level 4. HP: 39/40 MP: 4/4
  1448 | D:3      | Noticed Grinder
  1462 | D:3      | Killed Grinder
  1462 | D:3      | Reached skill level 5 in Maces & Flails
  1462 | D:3      | Reached XP level 5. HP: 46/47 MP: 2/5
  1462 | D:3      | Reached XP level 6. HP: 52/53 MP: 2/6
  1962 | D:4      | Reached skill level 5 in Fighting
  2019 | D:4      | Reached skill level 6 in Maces & Flails
  2019 | D:4      | Your scales start taking on an icy white colour.
  2019 | D:4      | Reached XP level 7. HP: 53/61 MP: 5/7
  2019 | D:4      | Gained mutation: Your flesh is cold resistant. (rC+) [White Draconian growth]
  2082 | D:4      | Noticed Sigmund
  2103 | D:4      | Killed Sigmund
  2103 | D:4      | Reached skill level 1 in Shields
  2165 | D:4      | Reached *** piety under Trog
  2446 | D:4      | Reached skill level 7 in Maces & Flails
  2807 | D:5      | Entered Level 5 of the Dungeon
  2815 | D:5      | Found a staircase to the Ecumenical Temple.
  2856 | D:5      | Noticed Gitz's ghost (amateur MiFi)
  2863 | D:5      | Killed Gitz's ghost
  2863 | D:5      | Reached XP level 8. HP: 70/70 MP: 8/8
  2900 | D:5      | Reached skill level 5 in Dodging
  3370 | D:5      | Found a glowing silver altar of Zin.
  3652 | D:6      | Found a glowing drain.
  3694 | Sewer    | Entered a sewer
  3891 | Sewer    | Reached **** piety under Trog
  3981 | Sewer    | Reached skill level 8 in Maces & Flails
  4435 | D:6      | Noticed Dickchan's ghost (novice DrTm)
  4450 | D:6      | Killed Dickchan's ghost
  4454 | D:6      | Noticed Blork the orc
  4461 | D:6      | Killed Blork the orc
  4725 | D:6      | Reached XP level 9. HP: 34/78 MP: 7/9
  4998 | D:6      | Noticed Prince Ribbit
  5006 | D:6      | Killed Prince Ribbit
  5006 | D:6      | Reached skill level 9 in Maces & Flails
  5085 | D:6      | Found a white marble altar of Elyvilon.
  5410 | D:7      | HP: 5/117 [hog (8)]
  5411 | D:7      | HP: 1/117 [hog (4)]
  5412 | D:7      | Mangled by a hog

Skill      XL: |  1  2  3  4  5  6  7  8  9 |
---------------+----------------------------+-----
Dodging        | 3 4 6 |  6.2
Maces & Flails | 4 5 6 7 8 9 |  9.3
Fighting       | 4 5 6 |  6.9
Shields        | 1 2 |  2.7

Action                   |  1- 3 |  4- 6 |  7- 9 || total
-------------------------+-------+-------+-------++-------
Melee: Mace              |    60 |       |       ||    60
       Tailslap          |     8 |    12 |    37 ||    57
       Flail             |    42 |   107 |   322 ||   471
Invok: Berserk           |       |     2 |     7 ||     9
       Trog's Hand       |       |       |     1 ||     1
 Abil: Breathe Frost     |       |       |     5 ||     5
  Use: Scroll            |     2 |     2 |       ||     4
 Stab: Sleeping          |     1 |       |       ||     1
  Eat: Chunk             |     1 |     4 |    19 ||    24
Armor: Skin              |    62 |    29 |    88 ||   179
Dodge: Dodged            |   101 |    62 |   182 ||   345
Block: Buckler           |     7 |    11 |    60 ||    78
